 Dungeon Crawl Stone Soup version 0.30-a0-585-g93115170b9 (webtiles) character file.

Game seed: 8706091188984863492

42 Heh the Stinger (level 3, 0/34 HPs)
             Began as an Octopode Venom Mage on Jan 2, 2023.
             Succumbed to an adder's poison
             ... on level 2 of the Dungeon.
             The game lasted 00:01:52 (1098 turns).

Heh the Stinger (Octopode Venom Mage)               Turns: 1098, Time: 00:01:53

Health: 0/34       AC: 21    Str:  7    XL:     3   Next: 56%
Magic:  6/6        EV:  2    Int: 17    God:
Gold:   66         SH:  0    Dex: 14    Spells: 5/6 levels left

rFire   . . .      SeeInvis .    e - +1 short sword (holy)
rCold   . . .      Faith    .    (no shield)
rNeg    . . .      Spirit   .    (helmet currently unavailable)
rPois   +          Reflect  .    h - amulet of magic regeneration
rElec   .          Harm     .    (no ring)
rCorr   .          Rampage  .    (no ring)
Will    .....      NoTele   +    (no ring)
Stlth   ++                       (no ring)
HPRegen 0.25/turn                (no ring)
MPRegen 0.50/turn                (no ring)
                                 (no ring)
                                 (no ring)

@: mighty, lethally poisoned (0 -> -2), tree-form, very slightly contaminated
A: stationary, stasis, torment immunity, boosted hp, almost no armour,
(amphibious), 8 rings, (camouflage 1), (gelatinous body 1), (nimble swimmer 1),
(tentacles)
a: no special abilities


You were on level 2 of the Dungeon.
You were a tree.
You visited 1 branch of the dungeon, and saw 2 of its levels.

You collected 66 gold pieces.

Inventory:

Hand Weapons
 c - a +0 dagger
 e - a +1 short sword of holy wrath (weapon)
Missiles
 j - a throwing net
Jewellery
 h - an amulet of magic regeneration (around neck)
Scrolls
 d - a scroll of enchant armour {unknown}
 f - 2 scrolls of blinking {unknown}
 g - a scroll of identify {unknown}
Potions
 a - a potion of magic


   Skills:
 + Level 1.6 Fighting
 - Level 2.0 Dodging
 - Level 2.7 Stealth
 - Level 2.0 Spellcasting
 - Level 1.0 Transmutations
 * Level 4.7 Poison Magic


You had 5 spell levels left.
You knew the following spells:

 Your Spells              Type           Power      Damage    Failure   Level
a - Sting                 Tmut/Pois      44%        1d5       6%          1

Your spell library contained the following spells:

 Spells                   Type           Power      Damage    Failure   Level
 Poisonous Vapours        Pois/Air       18%        N/A       11%         2
 Shock                    Conj/Air       4%         1d3       19%         1
 Summon Small Mammal      Summ           4%         N/A       19%         1
 Olgreb's Toxic Radiance  Pois           17%        N/A       26%         4
 Mephitic Cloud           Conj/Pois/Air  7%         N/A       30%         3
 Call Canine Familiar     Summ           1%         N/A       50%         3
 Summon Guardian Golem    Hex/Summ       1%         N/A       50%         3
 Swiftness                Air            1%         N/A       50%         3
 Airstrike                Air            0%         2d(1-17)  88%         4


Dungeon Overview and Level Annotations

Branches:
Dungeon (2/15)

Altars:


Innate Abilities, Weirdness & Mutations

You are a tree.
Your roots penetrate the ground, keeping you stationary.
You cannot be teleported.
You are immune to unholy pain and torment.
Your maximum health is greatly increased.
You cannot wear most types of armour.
((You are amphibious.))
You can wear up to eight rings at the same time.
((Your skin changes colour to match your surroundings (Stealth+).))
((Your rubbery body absorbs attacks. (AC +1, EV +1)))
((You are camouflaged when in or above water. (Stealth+)))
((You have tentacles for arms and can constrict up to eight enemies at once.))


Message History

You feel sick. The adder misses you.
You miscast Sting.
Nothing appears to happen.
You feel sick. The adder misses you.
You hit the adder. Your grab misses the adder. Your squeeze misses the adder.
The adder is almost dead.
You feel sick. The adder bites you. The adder barely misses you.
You are too injured to fight recklessly!
You are too injured to fight recklessly!
You miss the adder. You grab the adder.
The adder is almost dead.
You constrict the adder, but do no damage.
You feel sick. The adder bites you.
* * * LOW HITPOINT WARNING * * *
You are lethally poisoned!
The adder poisons you!
Casting: Sting (safe; 6% risk of failure)
Confirm with . or Enter, or press ? or * to list all spells.
Aiming: Sting (safe; 6% risk of failure)
Press: ? - help, Shift-Dir - straight line, f/p - adder
Aim: an adder (almost dead, constricted by you, very poisoned, 90% to hit)
The sting hits the adder.
The adder looks even sicker.
You kill the adder!
* * * LOW HITPOINT WARNING * * *
You feel sick.
There is a lethal amount of poison in your body!
It was a potion of might.
You feel very mighty all of a sudden.
* * * LOW HITPOINT WARNING * * *
You feel sick.
It was a potion of lignification.
You turn into a tree.
Your roots penetrate the ground.
* * * LOW HITPOINT WARNING * * *
You feel sick.
There is a lethal amount of poison in your body!
* * * LOW HITPOINT WARNING * * *
You feel sick.
* * * LOW HITPOINT WARNING * * *
You feel sick.
There is a lethal amount of poison in your body!
You die...

###
#+####+#.#
.........#
.........#
.......♣.#
#+####'#.#
#..#.##
#..#..#
####..# #..#
#.#######
###........
##.....#####


There were no monsters in sight!

Vanquished Creatures
  2 adders (D:2)
  2 ball pythons
  3 endoplasms
  4 goblins
  4 hobgoblins
  A bat (D:1)
  A frilled lizard (D:1)
  3 kobolds
  4 rats
24 creatures vanquished.

Notes
Turn   | Place    | Note
-------+----------+-------------------------------------------
     0 | D:1      | Heh the Octopode Venom Mage began the quest for the Orb.
     0 | D:1      | Reached XP level 1. HP: 11/11 MP: 3/3
   304 | D:1      | Reached XP level 2. HP: 18/18 MP: 5/5
   584 | D:1      | Reached skill level 1 in Fighting
   585 | D:1      | Reached skill level 4 in Poison Magic
   881 | D:2      | Reached XP level 3. HP: 20/23 MP: 6/6
  1097 | D:2      | HP: 1/34 [poisoned by an adder]
  1098 | D:2      | Succumbed to an adder's poison

Illustrated notes

Levels and vault maps discovered:
D:1:      eino_arrival_cavern_b, layout_basic
D:2:      layout_loops_cross, dilly_ecumenical_altar_fadedgnrine, serial_shops,
          nicolae_lakefront_shop, minmay_snake_closets

Skill      XL: |  1  2 |
---------------+-------+-----
Fighting       | 1 |  1.6
Poison Magic   | 4 |  4.7
Dodging        | |  2.0
Stealth        | |  2.7
Spellcasting   | |  2.0
Transmutations | |  1.0

Action                   || total
-------------------------++-------
Melee: Unarmed           ||     6
       Dagger            ||     5
       Tentacles         ||     6
       Constrict         ||     7
       Short sword       ||    26
 Cast: Sting             ||    12
  Use: Potion            ||     2
 Stab: Sleeping          ||     6
       Distracted        ||     1
Armor: Skin              ||     2
Dodge: Dodged            ||    20

Table legend: (Time is in decaauts)
 A = Elapsed time spent in this place.
 B = Non-inter-level travel time spent in this place.
 C = Inter-level travel time spent in this place.
 D = Time resting spent in this place.
 E = Time spent auto-exploring this place.
 F = Levels seen in this place.
 G = Mean time per level.
                   A        B        C        D        E       F      G
               +--------+--------+--------+--------+--------+-----+--------+
         Total |   1096 |   1062 |     34 |      0 |    908 |   2 |  548.0 |
       Dungeon |   1096 |   1062 |     34 |      0 |    908 |   2 |  548.0 |
               +--------+--------+--------+--------+--------+-----+--------+

Top non-repeatable levels by time:
     D:1: 840 daAuts
     D:2: 256 daAuts
